 Dungeon Crawl Stone Soup version 0.19.4-9-g45fd643 (webtiles) character file.

85 sveltemanboy the Ducker (level 4, -8/23 HPs)
             Began as a Vine Stalker Gladiator on Feb 18, 2017.
             Killed from afar by vatarom's ghost (13 damage)
             ... with a flame tongue
             ... on level 3 of the Dungeon.
             The game lasted 00:04:28 (2200 turns).

sveltemanboy the Ducker (Vine Stalker Gladiator)    Turns: 2200, Time: 00:04:30

Health: -8/23      AC:  6    Str: 17    XL:     4   Next: 48%
Magic:  0/14       EV: 10    Int:  9    God:
Gold:   108        SH:  0    Dex: 15    Spells: 0 memorised, 3 levels left

rFire  . . .     SeeInvis .     g - +1 dagger (holy)
rCold  . . .     Gourm    .     n - +0 ring mail
rNeg   . . .     Faith    .     (no shield)
rPois  .         Spirit   +     c - +0 helmet
rElec  .         Reflect  .     (no cloak)
rCorr  .         Harm     .     (no gloves)
MR     +....                    (no boots)
Stlth  +.........               r - amulet of inaccuracy (curse)
                                m - ring of magical power
                                j - ring of protection from magic

@: very heavily drained
A: fangs 2, regeneration 1, magic shield, antimagic bite, no device heal 3, rot
immunity
a: no special abilities


You were on level 3 of the Dungeon.
You were not hungry.

You visited 1 branch of the dungeon, and saw 3 of its levels.

You collected 108 gold pieces.

Inventory:

Hand Weapons
 a - a +0 long sword
 g - a +1 dagger of holy wrath (weapon)
Missiles
 d - 2 throwing nets (quivered)
Armour
 c - a +0 helmet (worn)
 n - a +0 ring mail (worn)
Jewellery
 j - a ring of protection from magic (left hand)
 m - a ring of magical power (right hand)
 r - a cursed amulet of inaccuracy (around neck)
Scrolls
 i - 2 scrolls of identify {unknown}
 k - a scroll of enchant armour {unknown}
 s - a scroll of teleportation {unknown}
 u - a scroll of blinking {unknown}
 v - a scroll of fog {unknown}
 x - a scroll of fear {unknown}
 y - a scroll of random uselessness {unknown}
Potions
 e - 2 potions of brilliance {unknown}
 h - a potion of cure mutation {unknown}
 o - a potion of degeneration {unknown}
 p - a potion of haste {unknown}
 q - a potion of berserk rage {unknown}
 t - a potion of heal wounds {unknown}
Comestibles
 b - a slice of pizza
 f - a bread ration
 l - 6 fruits
 w - a meat ration
 z - 2 chunks of flesh
 A - a beef jerky


   Skills:
 + Level 2.8(0.0) Fighting
 - Level 2.6(0.0) Long Blades
 - Level 1.7(0.0) Throwing
 + Level 1.7(0.0) Armour
 + Level 3.0(0.0) Dodging


You had 3 spell levels left.
You didn't know any spells.

Dungeon Overview and Level Annotations

Branches:
Dungeon (3/15)

Altars:

Annotations:
D:3 vatarom's ghost, amateur DrFE


Innate Abilities, Weirdness & Mutations

You have extremely sharp teeth.
Your natural rate of healing is unusually fast.
When hurt, damage is shared between your health and your magic reserves.
Your bite disrupts and absorbs the magic of your enemies.
Potions and wands cannot restore your health.
You are immune to rotting.


Message History

You hit vatarom's ghost but do no damage.
Vatarom's ghost is severely damaged.
Vatarom's ghost points at you and mumbles some strange words.
The puff of flame misses you.
You hit vatarom's ghost.
Vatarom's ghost convulses.
Your bite misses vatarom's ghost.
Vatarom's ghost is almost destroyed.
Vatarom's ghost closely misses you.
You miss vatarom's ghost.
You bite vatarom's ghost, but do no damage.
Vatarom's ghost is almost destroyed.
Vatarom's ghost hits you but does no damage.
You feel drained.
You hit vatarom's ghost but do no damage.
Your bite misses vatarom's ghost.
Vatarom's ghost is almost destroyed.
Vatarom's ghost casts a spell at you. The flame tongue hits you!
Ouch! That really hurt!
You die...

......( ....... .......###
.........#### ...........>#
...........# ###########
.........#.######..........
...........<†.....#########
.........W@########
.........)..##
.............#
#............#
#............#
#...........##
#..........## #..........##
#.#...........#


You could see vatarom's ghost.

Vanquished Creatures
  3 adders
  3 worms (D:2)
  A leopard gecko (D:2)
  4 giant cockroaches
  7 goblins
  4 hobgoblins
  9 kobolds
  6 bats
  4 frilled lizards (D:2)
  7 rats
48 creatures vanquished.

Notes
Turn   | Place    | Note
-------+----------+-------------------------------------------
     0 | D:1      | sveltemanboy the Vine Stalker Gladiator began the quest for the Orb.
     0 | D:1      | Reached XP level 1. HP: 11/11 MP: 2/2
   324 | D:1      | Reached XP level 2. HP: 15/15 MP: 3/3
   664 | D:1      | Reached skill level 1 in Armour
  1017 | D:1      | Reached XP level 3. HP: 18/18 MP: 4/4
  1752 | D:2      | Gained mutation: Your natural rate of healing is unusually fast. [Vine Stalker growth]
  1752 | D:2      | Reached XP level 4. HP: 23/23 MP: 5/5
  1881 | D:2      | Reached skill level 3 in Dodging
  2039 | D:3      | Noticed vatarom's ghost (amateur DrFE)
  2200 | D:3      | Killed from afar by vatarom's ghost

Skill      XL: |  1  2  3  4 |
---------------+-------------+-----
Fighting       | 2 |  2.8
Armour         | 1 |  1.7
Dodging        | 3 |  3.0
Long Blades    | |  2.6
Throwing       | |  1.7

Action                   |  1- 3 |  4- 6 || total
-------------------------+-------+-------++-------
Melee: Long sword        |    87 |    44 ||   131
       Bite              |    14 |    20 ||    34
       Dagger            |       |    45 ||    45
Throw: Throwing net      |     1 |     3 ||     4
  Use: Scroll            |     1 |       ||     1
 Stab: Held in net/web   |     1 |       ||     1
  Eat: Chunk             |     2 |     2 ||     4
Armor: Leather armour    |     8 |       ||     8
       Ring mail         |    18 |    34 ||    52
Dodge: Dodged            |    55 |    49 ||   104
       Rpst.: Long sword |    14 |     6 ||    20
